[ PARTIDA AOE2 · #495140739 ]
UnrankedPersas vs Saracens
Equipo del jugador · DERR
Equipo rival · VICT
[ ANÁLISIS DE REPETICIÓN · EXTRAÍDO DE LA PARTIDA GRABADA ]
Feudal
—
Castillos
—
Imperial
—
| APM promedio | 61.4 |
| APM pico | 92 |
| eAPM promedio | 20.1 |
| Aldeanos / militares | 27 / 0 |
Foco
⚔️ 18.6% · 🌾 81.4%
Feudal
—
Castillos
—
Imperial
—
| APM promedio | 61.2 |
| APM pico | 102 |
| eAPM promedio | 23.0 |
| Aldeanos / militares | 18 / 0 |
Foco
⚔️ 35.9% · 🌾 64.1%
Mapa de la partida
Recursos iniciales + cada clic de construcción. Líneas = muros · curvas = relieve. ◆ oro · ⬟ piedra · ● bayas · ✦ reliquia · ◌ hueco del cierre
Tu base
Base de gustalheim96
Terreno inicial suavizado · ◌ = hueco del cierre detectado · pasá el cursor para detalles
Inputs por minuto
— [GDL] Faraon - - gustalheim96
Build order — [GDL] Faraon
38 acciones detectadas en el replay
| 0:00 | Crear | Villager (Male) |
| 0:01 | Crear | Villager (Male) |
| 0:01 | Crear | Villager (Male) |
| 0:01 | Crear | Villager (Male) |
| 0:01 | Crear | Villager (Male) |
| 0:02 | Construir | House |
| 0:04 | Construir | House |
| 1:46 | Construir | Lumber Camp |
| 1:47 | Construir | House |
| 1:48 | Construir | House |
| 1:59 | Crear | Villager (Male) |
| 1:59 | Crear | Villager (Male) |
| 1:59 | Crear | Villager (Male) |
| 2:29 | Crear | Villager (Male) |
| 2:39 | Crear | Villager (Male) |
| 2:40 | Crear | Villager (Male) |
| 3:12 | Crear | Villager (Male) |
| 3:13 | Crear | Villager (Male) |
| 3:18 | Construir | House |
| 3:35 | Crear | Villager (Male) |
| 4:05 | Crear | Villager (Male) |
| 4:05 | Crear | Villager (Male) |
| 4:23 | Crear | Villager (Male) |
| 4:24 | Crear | Villager (Male) |
| 5:11 | Crear | Villager (Male) |
| 5:11 | Crear | Villager (Male) |
| 5:11 | Crear | Villager (Male) |
| 5:30 | Construir | Mill |
| 5:44 | Investigar | Loom |
| 5:44 | Investigar | Loom |
| 6:47 | Crear | Villager (Male) |
| 7:05 | Construir | Mill |
| 7:10 | Crear | Villager (Male) |
| 7:10 | Crear | Villager (Male) |
| 8:16 | Construir | Town Center |
| 8:51 | Crear | Villager (Male) |
| 8:51 | Crear | Villager (Male) |
| 8:51 | Crear | Villager (Male) |
Build order — gustalheim96
61 acciones detectadas en el replay
| 0:01 | Crear | Villager (Male) |
| 0:01 | Crear | Villager (Male) |
| 0:02 | Construir | House |
| 0:02 | Construir | House |
| 0:07 | Construir | House |
| 0:11 | Crear | Villager (Male) |
| 0:11 | Crear | Villager (Male) |
| 1:32 | Crear | Villager (Male) |
| 1:32 | Crear | Villager (Male) |
| 1:50 | Construir | Lumber Camp |
| 1:53 | Crear | Villager (Male) |
| 2:24 | Crear | Villager (Male) |
| 2:59 | Crear | Villager (Male) |
| 2:59 | Crear | Villager (Male) |
| 3:08 | Construir | House |
| 3:09 | Construir | House |
| 3:37 | Crear | Villager (Male) |
| 4:13 | Crear | Villager (Male) |
| 4:13 | Crear | Villager (Male) |
| 5:20 | Crear | Villager (Male) |
| 5:20 | Crear | Villager (Male) |
| 5:51 | Construir | Mill |
| 5:56 | Crear | Villager (Male) |
| 5:58 | Crear | Villager (Male) |
| 5:59 | Investigar | Loom |
| 6:17 | Construir | Palisade Wall |
| 6:18 | Construir | Palisade Wall |
| 6:20 | Construir | Palisade Wall |
| 6:21 | Construir | Palisade Wall |
| 6:22 | Construir | Palisade Wall |
| 6:24 | Construir | Palisade Wall |
| 6:25 | Construir | Palisade Wall |
| 6:28 | Construir | Palisade Wall |
| 6:30 | Construir | Palisade Wall |
| 6:33 | Construir | Palisade Wall |
| 6:37 | Construir | Palisade Wall |
| 6:38 | Construir | Palisade Wall |
| 6:40 | Construir | Palisade Wall |
| 6:41 | Construir | Palisade Wall |
| 6:44 | Construir | Palisade Wall |
| 6:46 | Construir | Palisade Wall |
| 6:48 | Construir | Palisade Wall |
| 6:52 | Construir | Palisade Wall |
| 6:54 | Construir | Palisade Wall |
| 6:55 | Construir | Palisade Wall |
| 6:57 | Construir | Palisade Wall |
| 6:57 | Construir | Palisade Wall |
| 6:59 | Construir | Palisade Wall |
| 7:01 | Construir | Palisade Wall |
| 7:03 | Construir | Palisade Wall |
| 7:03 | Construir | Palisade Wall |
| 7:08 | Crear | Villager (Male) |
| 7:15 | Construir | Palisade Wall |
| 7:17 | Construir | Palisade Wall |
| 7:18 | Construir | Palisade Wall |
| 7:51 | Construir | Palisade Wall |
| 7:55 | Construir | Palisade Wall |
| 8:01 | Construir | House |
| 8:16 | Construir | Palisade Wall |
| 8:23 | Investigar | Feudal Age |
| 8:23 | Investigar | Feudal Age |
Cronología de la partida
| 6:17 | gustalheim96 · wall_segment Palisade Wall x1 |
| 6:18 | gustalheim96 · wall_segment Palisade Wall x1 |
| 6:20 | gustalheim96 · wall_segment Palisade Wall x1 |
| 6:21 | gustalheim96 · wall_segment Palisade Wall x1 |
| 6:22 | gustalheim96 · wall_segment Palisade Wall x1 |
| 6:24 | gustalheim96 · wall_segment Palisade Wall x1 |
| 6:25 | gustalheim96 · wall_segment Palisade Wall x1 |
| 6:28 | gustalheim96 · wall_segment Palisade Wall x1 |
| 6:30 | gustalheim96 · wall_segment Palisade Wall x1 |
| 6:33 | gustalheim96 · wall_segment Palisade Wall x1 |
| 6:37 | gustalheim96 · wall_segment Palisade Wall x1 |
| 6:38 | gustalheim96 · wall_segment Palisade Wall x1 |
| 6:40 | gustalheim96 · wall_segment Palisade Wall x1 |
| 6:41 | gustalheim96 · wall_segment Palisade Wall x1 |
| 6:44 | gustalheim96 · wall_segment Palisade Wall x1 |
| 6:46 | gustalheim96 · wall_segment Palisade Wall x1 |
| 6:48 | gustalheim96 · wall_segment Palisade Wall x1 |
| 6:52 | gustalheim96 · wall_segment Palisade Wall x1 |
| 6:54 | gustalheim96 · wall_segment Palisade Wall x1 |
| 6:55 | gustalheim96 · wall_segment Palisade Wall x1 |
| 6:57 | gustalheim96 · wall_segment Palisade Wall x1 |
| 6:57 | gustalheim96 · wall_segment Palisade Wall x1 |
| 6:59 | gustalheim96 · wall_segment Palisade Wall x1 |
| 7:01 | gustalheim96 · wall_segment Palisade Wall x1 |
| 7:03 | gustalheim96 · wall_segment Palisade Wall x1 |
| 7:03 | gustalheim96 · wall_segment Palisade Wall x1 |
| 7:15 | gustalheim96 · wall_segment Palisade Wall x1 |
| 7:17 | gustalheim96 · wall_segment Palisade Wall x1 |
| 7:18 | gustalheim96 · wall_segment Palisade Wall x1 |
| 7:51 | gustalheim96 · wall_segment Palisade Wall x1 |
| 7:55 | gustalheim96 · wall_segment Palisade Wall x1 |
| 8:16 | gustalheim96 · wall_segment Palisade Wall x1 |
| 9:02 | [GDL] Faraon · resign |
[ ANÁLISIS IA · 1 CRÉDITO ]
¿Qué pasó realmente en esta partida?
Wolo.gg analiza cada decisión: build order, eco, micro, errores típicos por bracket. Análisis personalizado por WhatsApp o Discord en 30 segundos.
Guía civ
Persas
Perfil
[GDL] Faraon